AoeStats
← ZamSerg

Arena

507706931Analyzed
4v4 RM · 13d ago on Sep 19, 2026· 56m 5s· 8 players
Game mode
Random Map
Map size
Large (8 player)
Population
200
Speed
Normal
Resources
Standard
Victory
Conquest
Starting age
Dark Age
Ending age
Imperial Age
RankedLock teamsTeams togetherTeam positionsShared explorationLock speedFull tech treeHidden civsTurbo modeCheats
Victory
Defeat
🇹🇼 Saracens · Taiwan
1337
+14
🇨🇴 Turks · Colombia
1307
+15
🇦🇺 Slavs · Australia
1285
+16
🇷🇺 Persians · Russia
1227
+19
🇳🇦 Magyars · Namibia
1361
-18
🇹🇷 Huns · Türkiye
1358
-19
🇦🇷 Mongols · Argentina
1228
-14
🇩🇪 Georgians · Germany
1222
-13
Yoyokid
9:48 Feudal Age
11:11 Double-Bit Axe
16:15 Castle Age
15:17 Gold Mining
15:10 Horse Collar
19:49 Man-at-Arms
22:26 Squires
22:30 Scale Mail Armor
22:40 Forging
22:21 Long Swordsman
26:35 Loom
28:13 Bow Saw
33:00 Imperial Age
32:27 Wheelbarrow
33:23 Ballistics
33:09 Town Watch
34:11 Conscription
35:10 Two-Man Saw
35:39 Chemistry
35:22 Heavy Scorpion
44:15 Masonry
47:19 Light Cavalry
53:34 Husbandry
SATOLEP
9:01 Feudal Age
11:34 Loom
15:54 Castle Age
13:47 Stone Mining
15:28 Horse Collar
19:14 Fletching
21:52 Padded Archer Armor
24:13 Bodkin Arrow
27:46 Leather Archer Armor
36:25 Imperial Age
34:48 Double-Bit Axe
43:28 Wheelbarrow
44:23 Gold Mining
45:36 Bow Saw
47:17 Gold Shaft Mining
48:43 Bracer
49:16 Ring Archer Armor
48:53 Scale Barding Armor
taj
11:09 Feudal Age
14:49 Castle Age
12:56 Double-Bit Axe
12:53 Horse Collar
17:28 Bow Saw
24:25 Wheelbarrow
27:05 Hand Cart
27:11 Gold Mining
28:32 Gold Shaft Mining
27:47 Stone Mining
31:29 Imperial Age
30:47 Scale Barding Armor
30:53 Forging
32:02 Chain Barding Armor
32:02 Fletching
33:06 Iron Casting
32:59 Conscription
32:00 Elite Mameluke
34:35 Plate Barding Armor
36:11 Blast Furnace
36:00 Bodkin Arrow
40:09 Husbandry
40:20 Bloodlines
40:26 Bracer
45:15 Padded Archer Armor
47:14 Leather Archer Armor
ZamSerg
10:57 Feudal Age
15:16 Castle Age
13:45 Double-Bit Axe
13:43 Horse Collar
16:08 Bow Saw
20:01 Fervor
22:23 Heavy Plow
23:06 Loom
23:07 Town Watch
24:19 Gold Mining
24:42 Stone Mining
27:11 Fletching
28:53 Wheelbarrow
29:00 Gold Shaft Mining
29:00 Stone Shaft Mining
28:37 Bodkin Arrow
32:58 Imperial Age
32:05 Scale Barding Armor
32:12 Forging
31:59 Murder Holes
32:15 Masonry
32:26 Ballistics
33:11 Husbandry
33:22 Bloodlines
33:37 Conscription
33:26 Cavalier
35:23 Chain Barding Armor
35:39 Iron Casting
35:47 Conscription
35:38 Citadels
35:43 Capped Ram
36:51 Hand Cart
36:36 Town Patrol
36:27 Savar
36:31 Light Cavalry
38:26 Chemistry
37:57 Architecture
38:25 Siege Ram
38:30 Hussar
40:19 Plate Barding Armor
40:45 Blast Furnace
41:23 Crop Rotation
41:48 Hoardings
45:53 Elite War Elephant
49:30 Thumb Ring
49:30 Padded Archer Armor
49:34 Kamandaran
50:45 Two-Man Saw
49:28 Crossbowman
50:37 Parthian Tactics
50:42 Heavy Camel Rider
Wolfram
11:11 Feudal Age
15:03 Castle Age
13:22 Double-Bit Axe
14:07 Horse Collar
15:55 Heavy Plow
16:50 Bow Saw
17:20 Loom
18:43 Wheelbarrow
18:42 Fletching
19:08 Gold Mining
19:32 Elite Skirmisher
21:51 Bodkin Arrow
33:08 Ballistics
39:09 Padded Archer Armor
48:23 Hand Cart
Idle
10:52 Feudal Age
15:16 Castle Age
13:28 Double-Bit Axe
13:47 Horse Collar
15:57 Loom
16:26 Bow Saw
16:28 Heavy Plow
20:45 Wheelbarrow
19:56 Town Watch
23:30 Stone Mining
24:43 Hand Cart
25:35 Treadmill Crane
26:03 Fletching
26:51 Town Patrol
27:05 Bodkin Arrow
27:25 Guard Tower
27:41 Gold Mining
31:55 Imperial Age
29:50 Ballistics
30:29 Stone Shaft Mining
31:13 Scale Mail Armor
31:23 Forging
31:35 Murder Holes
32:30 Husbandry
32:40 Bloodlines
32:18 Pikeman
32:59 Squires
32:44 Arson
34:14 Chemistry
33:30 Masonry
33:12 Halberdier
34:44 Conscription
34:43 Chain Mail Armor
35:04 Iron Casting
35:22 Bracer
35:54 Architecture
36:39 Plate Mail Armor
38:02 Blast Furnace
36:51 Arrowslits
37:30 Light Cavalry
37:32 Cavalier
38:51 Keep
39:34 Scale Barding Armor
41:34 Chain Barding Armor
51:15 Hussar
54:33 Plate Barding Armor
55:38 Siege Engineers
56:19 Hoardings
wifi
10:28 Feudal Age
14:44 Castle Age
13:15 Double-Bit Axe
14:14 Horse Collar
24:40 Wheelbarrow
25:10 Stone Mining
26:15 Hand Cart
27:14 Gold Mining
30:23 Imperial Age
27:39 Loom
28:25 Scale Barding Armor
28:32 Bloodlines
28:23 Husbandry
30:36 Chain Barding Armor
30:28 Forging
30:27 Cavalier
32:01 Plate Barding Armor
31:58 Bow Saw
32:50 Iron Casting
33:12 Paladin
37:01 Blast Furnace
38:10 Conscription
45:37 Fletching
45:48 Padded Archer Armor
46:44 Ballistics
47:24 Chemistry
46:23 Bodkin Arrow
47:20 Leather Archer Armor
47:48 Parthian Tactics
47:30 Thumb Ring
47:44 Bracer
47:48 Heavy Cavalry Archer
elgalle02
10:50 Feudal Age
15:34 Castle Age
14:49 Double-Bit Axe
14:46 Horse Collar
18:56 Fletching
20:15 Heavy Plow
20:49 Bodkin Arrow
20:54 Padded Archer Armor
23:38 Loom
27:58 Ballistics
28:39 Leather Archer Armor
28:59 Gold Mining
29:00 Stone Mining
30:19 Wheelbarrow
32:44 Thumb Ring
32:14 Elite Skirmisher
36:39 Imperial Age
34:27 Hand Cart
35:03 Bow Saw
40:19 Parthian Tactics
40:30 Pikeman
40:51 Onager
42:10 Heavy Cavalry Archer
Connection lost

Rejoining the realm…

Still unreachable

The connection could not be restored.

Session expired

The server has moved on; the page needs a fresh start.